cohdb
Replays
Latest Replays
All Replays
Popular Replays
Top Player Replays
Match Explorer
How It Works
Community
CoH3 Stats
Reddit
Sign in to upload your games and track your stats! →
Sign in with Steam
good game at campbell's convoy
Match 17207460
Overview
Messages
Build Orders
End
Kradschützen Motorcycle Team
Panzergrenadier Squad
Panzergrenadier Squad
Construct Light Support Kompanie
MG34 Team
2.5-tonne Medical Truck
Fire Support Elements
Panzerjäger Mechanized Group
Flakvierling Half-track
Vehicle Survival Package
Pak 38 Anti-tank Gun Team
Tungsten Core Ammunition
Veteran Squad Leaders
Selects Armored Support Battlegroup
Construct Panzerarmee Kommand
Selects Veteran Gunners
Selects Salvage Kits
Selects Flammpanzer III Medium Tank Sd.Kfz. 141
Selects Command Panzer IV F Medium Tank
Panzer III L Medium Tank
Selects Panzer Storm
Emergency Repair Kits
Panzerpioneer Squad
Pak 38 Mechanized Group
Command Panzer IV F Medium Tank
Selects Stuka Anti-tank Loiter
Flammpanzer III Medium Tank
Panzer Storm
Pak 38 Mechanized Group
Panzerpioneer Squad
quasisaur
Katitoff
Danver
silentbreacher
0
0
Comments
sign in to comment!
No comments posted yet!